 Dungeon Crawl Stone Soup version 0.30-a0-509-gd016549fea (webtiles) character file.

Game seed: 6591487736078816225

27 kae the Firebug (level 3, 0/19 HPs)
             Began as a Tengu Fire Elementalist on Dec 22, 2022.
             Succumbed to an adder's poison
             ... on level 2 of the Dungeon.
             The game lasted 00:01:04 (1036 turns).

kae the Firebug (Tengu Fire Elementalist)           Turns: 1036, Time: 00:01:05

Health: 0/19       AC:  2    Str:  8    XL:     3   Next: 10%
Magic:  0/7        EV: 12    Int: 17    God:
Gold:   105        SH:  0    Dex: 14    Spells: 0/6 levels left

rFire   . . .      SeeInvis .    g - +0 mace
rCold   . . .      Faith    .    (no shield)
rNeg    . . .      Spirit   .    a - +0 robe
rPois   .          Reflect  .    (helmet restricted)
rElec   .          Harm     .    (no cloak)
rCorr   .          Rampage  .    (no gloves)
Will    .....                    (boots unavailable)
Stlth   ++........               (no amulet)
HPRegen 0.23/turn                (no ring)
MPRegen 0.10/turn                (no ring)

@: lethally poisoned (0 -> -11)
A: beak, talons 3
a: no special abilities


You were on level 2 of the Dungeon.
You visited 1 branch of the dungeon, and saw 2 of its levels.

You collected 105 gold pieces.


Innate Abilities, Weirdness & Mutations

You have a beak for a mouth.
You have claws for feet.


   Skills:
 - Level 2.1 Dodging
 - Level 2.0 Stealth
 + Level 2.2 Spellcasting
 * Level 2.7 Conjurations
 * Level 3.8 Fire Magic


You couldn't memorise any spells.
You knew the following spells:

 Your Spells              Type           Power      Damage    Failure   Level
a - Foxfire               Conj/Fire      52%        2x1d6     4%          1
b - Scorch                Fire           30%        2d7       6%          2
c - Inner Flame           Hex/Fire       8%         N/A       26%         3

Your spell library contained the following spells:

 Spells                   Type           Power      Damage    Failure   Level
 Kindle Blastsparks       Fire/Tloc/Air  12%        2d11      32%         3
 Flame Wave               Conj/Fire      13%        2d6       43%         4

Inventory:

Hand Weapons
 g - a +0 mace (weapon)
   (You found it on level 1 of the Dungeon)
Missiles
 c - 6 stones
 e - 2 boomerangs
Armour
 a - a +0 robe (worn)
Wands
 l - a wand of flame (12)
   (You found it on level 2 of the Dungeon)
Scrolls
 f - a scroll of immolation {unknown}
 h - a scroll of enchant weapon {unknown}
 i - a scroll of identify {unknown}
 j - a scroll of vulnerability {unknown}
 k - a scroll of magic mapping {unknown}
 m - a scroll of acquirement {unknown}
Potions
 b - a potion of magic
 d - a potion of cancellation {unknown}
 n - a potion of resistance {unknown}

Dungeon Overview and Level Annotations

Branches:
Dungeon (2/15) Zot: 10964

Altars:

##################
#.................
#######.###############.
......)@....... #.
#######.####### #. #.#
#† #.# #. ..# #< ### #.
#. #. ##


There were no monsters in sight!


Message History

A bat is nearby!
Casting: Foxfire (safe; 4% risk of failure)
Confirm with . or Enter, or press ? or * to list all spells.
You conjure some foxfire! 😎 MP[-1]
You lost 1 mp, and now have 6/7 mp.
Casting: Foxfire (safe; 4% risk of failure)
Confirm with . or Enter, or press ? or * to list all spells.
You conjure some foxfire!
The foxfire hits the bat. x2
You kill the bat! 😎 MP[-1]
You lost 1 mp, and now have 5/7 mp.
Casting: Foxfire (safe; 4% risk of failure)
Confirm with . or Enter, or press ? or * to list all spells.
You can't see any susceptible monsters within range! (Use Z to cast anyway.)
k - a scroll labelled ATTAHY UCOMI 😎 MP[+2]
Your mp is fully restored (7).
You see here a +0 dagger.
Done exploring.
Done exploring.
Done exploring.
Done exploring.
No target in view!
Done exploring.
(D) Dungeon
Where to? (? - help)
There is a stone staircase leading down here.
You climb downwards.
There is a stone staircase leading up here.
A rat is nearby!
Okay, then.
Casting: Foxfire (safe; 4% risk of failure)
Confirm with . or Enter, or press ? or * to list all spells.
You conjure some foxfire!
The foxfire hits the rat but does no damage.
The foxfire hits the rat.
You kill the rat! 😎 MP[-1]
You lost 1 mp, and now have 6/7 mp.
Casting: Foxfire (safe; 4% risk of failure)
Confirm with . or Enter, or press ? or * to list all spells.
You conjure some foxfire! 😎 MP[-1]
You lost 1 mp, and now have 5/7 mp.
l - a wand of flame (12) 😎 MP[+2]
Your mp is fully restored (7).
You see here a rat corpse.
m - a scroll labelled XICWIA CAIN
n - a viscous blue potion An adder and a kobold come into view.
The kobold shouts!
There are monsters nearby!
There are monsters nearby!
Casting: Foxfire (safe; 4% risk of failure)
Confirm with . or Enter, or press ? or * to list all spells.
You conjure some foxfire!
The adder hisses angrily.
The foxfire hits the adder.
The foxfire hits the adder.
The adder bites you.
You are poisoned.
The adder poisons you!
The kobold barely misses you. 😕 HP[-2] MP[-1]
You take 2 damage, and now have 17/19 hp.
You lost 1 mp, and now have 6/7 mp.
Casting: Foxfire (safe; 4% risk of failure)
Confirm with . or Enter, or press ? or * to list all spells.
Flames lash the kobold.
The kobold's fire resistance burns away.
You feel sick. The adder barely misses you.
The kobold hits you with a +0 dagger.
You feel sick. The adder bites you.
You are more poisoned.
The adder poisons you! The adder closely misses you.
The kobold misses you. 😮 HP[-7] MP[-2]
You take 7 damage, and now have 10/19 hp.
MASSIVE DAMAGE!! (PAUSE)
You lost 2 mp, and now have 4/7 mp.
Casting: Scorch (safe; 6% risk of failure)
Confirm with . or Enter, or press ? or * to list all spells.
Flames lash the kobold.
The kobold is burned terribly!
You kill the kobold!
You feel sick. The adder bites you.
* * * LOW HITPOINT WARNING * * *
* * * LOW HITPOINT WARNING * * *
You feel sick. The adder bites you.
* * * LOW HITPOINT WARNING * * *
You are more poisoned.
The adder poisons you! 😱 HP[-8] MP[-2]
You take 8 damage, and now have 2/19 hp.
MASSIVE DAMAGE!! (PAUSE)
You lost 2 mp, and now have 2/7 mp.
Casting: Scorch (safe; 6% risk of failure)
Confirm with . or Enter, or press ? or * to list all spells.
Flames lash the adder.
You kill the adder!
You die...

Skill      XL: |  1 |
---------------+----+-----
Conjurations   | 2 |  2.7
Dodging        | |  2.1
Stealth        | |  2.0
Spellcasting   | |  2.2
Fire Magic     | |  3.8

Action                   || total
-------------------------++-------
 Cast: Foxfire           ||    41
       Scorch            ||     3
Dodge: Dodged            ||     6

Levels and vault maps discovered:
D:1:      erik_arrival_orb_chamber, layout_loops_ring
D:2:      layout_basic

Notes
Turn   | Place    | Note
-------+----------+-------------------------------------------
     0 | D:1      | kae the Tengu Fire Elementalist began the quest for the
                  | Orb.
     0 | D:1      | Reached XP level 1. HP: 10/10 MP: 4/4
     0 | D:1      | magus.rc [v1.11.3]
   132 | D:1      | Reached skill level 2 in Conjurations
   132 | D:1      | Reached XP level 2. HP: 15/15 MP: 1/6
   536 | D:1      | Learned a level 2 spell: Scorch
   719 | D:1      | Reached XP level 3. HP: 17/19 MP: 5/7
   723 | D:1      | Learned a level 3 spell: Inner Flame
  1035 | D:2      | HP: 2/19 [adder (3)]
  1036 | D:2      | Succumbed to an adder's poison

Vanquished Creatures
  An adder (D:2)
  2 dart slugs (D:1)
  2 endoplasms (D:1)
  A giant cockroach (D:1)
  4 goblins (D:1)
  A hobgoblin (D:1)
  2 quokkas (D:1)
  4 bats (D:1)
  A kobold (D:2)
  5 rats
23 creatures vanquished.

Vanquished Creatures (others)
  66 foxfires
66 creatures vanquished.

Grand Total: 89 creatures vanquished

Table legend:
 A = Non-vault XP
 B = Vault XP
 C = Vault XP percentage of total XP
 D = Non-vault monster count
 E = Vault monster count
 F = Vault count percentage of total count
                 A         B        C        D         E       F
            +---------+---------+-------+---------+---------+-------
      Total |      53 |       0 |   0.0 |      23 |       0 |   0.0
            +---------+---------+-------+---------+---------+-------
        D:1 |      37 |       0 |   0.0 |      20 |       0 |   0.0
        D:2 |      16 |       0 |   0.0 |       3 |       0 |   0.0
            +---------+---------+-------+---------+---------+-------

Illustrated notes

Table legend:
 A = Kills in this place as a percentage of kills in entire the game.
 B = Kills by you in this place as a percentage of kills by you in the entire game.
 C = Kills by friends in this place as a percentage of kills by friends in the entire game.
 D = Other kills in this place as a percentage of other kills in the entire game.
 E = Experience gained in this place as a percentage of experience gained in the entire game.
 F = Experience gained in this place divided by the number of levels of this place that you have seen.
                   A       B       C       D       E      F
               +-------+-------+-------+-------+-------+----------------------
         Total | 100.0 | 100.0 |   N/A |   N/A | 100.0 |  26.5
       Dungeon | 100.0 | 100.0 |   N/A |   N/A | 100.0 |  26.5
               +-------+-------+-------+-------+-------+----------------------

Table legend: (Time is in decaauts)
 A = Elapsed time spent in this place.
 B = Non-inter-level travel time spent in this place.
 C = Inter-level travel time spent in this place.
 D = Time resting spent in this place.
 E = Time spent auto-exploring this place.
 F = Levels seen in this place.
 G = Mean time per level.
                   A        B        C        D        E       F      G
               +--------+--------+--------+--------+--------+-----+--------+
         Total |   1035 |   1023 |     12 |      0 |    871 |   2 |  517.5 |
       Dungeon |   1035 |   1023 |     12 |      0 |    871 |   2 |  517.5 |
               +--------+--------+--------+--------+--------+-----+--------+

Top non-repeatable levels by time:
     D:1: 969 daAuts
     D:2: 65 daAuts
